Map: Cerulean Fall LE

Players

sOs

  • Race: Protoss Protoss
  • Spawn Location: 1:00

Stats - Winner!

  • Race: Protoss Protoss
  • Spawn Location: 7:00

Event: 2018 WCS Global Finals

VOD

Have the link to the VOD?

Description

Time

  • Played on: Nov. 3, 2018, 4:38 p.m.
  • Length: 9:04

All games in this series

Show
View Real Time Build Order
Export as new Build Order

sOs Protoss 

Build Orders: Oracle Opening, Phoenix Opening 

Get SALT Encoding   

  12  0:00  Probe  
  13  0:12  Probe  
  14  0:17  Pylon  
  14  0:23  Probe  
  15  0:31  Probe  
  15  0:37  Gateway  
  15  0:39  Probe  
  16  0:46  Assimilator  
  17  0:50  Probe  
  17  0:55  Assimilator  
  18  0:58  Probe  
  19  1:06  Probe  
  19  1:07  Gateway  
  20  1:17  Probe  
  20  1:24  Cybernetics Core  
  21  1:29  Probe  
  22  1:34  Pylon  
  22  1:42  Probe  
  23  1:54  Probe  
  24  2:00  Adept  
  24  2:01  Warp Gate, Adept  
  28  2:07  Pylon  
  28  2:28  Stargate  
  28  2:29  Adept  
  30  2:32  Adept  
  31  2:57  Adept, Pylon  
  33  2:59  Adept  
  33  3:02  Oracle  
  38  3:29  Nexus  
  38  3:37  Shield Battery  
  38  3:39  Phoenix  
  40  3:50  Probe  
  41  4:02  Phoenix  
  41  4:07  Probe  
  41  4:18  Phoenix  
  41  4:19  Probe  
  41  4:22  Twilight Council  
  42  4:31  Probe  
  43  4:42  Phoenix  
  43  4:45  Probe x2  
  47  4:58  Probe x2  
  47  4:59  Dark Shrine  
  47  5:13  Probe x2  
  49  5:14  Assimilator  
  49  5:15  Phoenix  
  51  5:23  Gateway  
  51  5:28  Blink  
  51  5:33  Gateway  
  51  5:34  Probe x2  
  53  5:44  Pylon  
  53  5:47  Probe  
  53  5:49  Probe  
  55  6:04  Probe x2  
  57  6:11  Dark Templar  
  57  6:13  Dark Templar  
  57  6:17  Gateway  
  57  6:18  Gateway  
  57  6:28  Pylon  
  57  6:31  Dark Templar  
  57  6:32  Probe x2  
  57  6:47  Stalker x2  
  57  6:52  Pylon  
  59  7:03  Stalker x2  
  63  7:13  Probe x2  
  63  7:17  Assimilator, Stalker x3  
  63  7:18  Stalker  
  69  7:26  Stalker  
  69  7:27  Zealot  
  73  7:41  Stalker x2  
  77  7:49  Pylon  
  77  7:54  Stalker x3  
  61  8:00  Probe  
  61  8:01  Probe  
  53  8:13  Stalker x3  
  54  8:30  Stalker  
  54  8:31  Stalker  
  54  8:33  Stalker  
  60  8:39  Stalker  
  62  8:44  Pylon  
Show
View Real Time Build Order
Export as new Build Order

Stats Protoss - Winner!

Build Orders: Phoenix Opening, Mass Phoenix 

Get SALT Encoding   

  12  0:00  Probe  
  13  0:12  Probe  
  14  0:17  Pylon  
  14  0:24  Probe  
  15  0:32  Probe  
  15  0:37  Gateway  
  15  0:40  Probe  
  16  0:46  Assimilator  
  17  0:51  Probe  
  17  0:55  Assimilator  
  18  0:59  Probe  
  19  1:07  Probe, Gateway  
  19  1:17  Probe  
  20  1:24  Cybernetics Core  
  21  1:29  Probe  
  22  1:35  Pylon  
  22  1:41  Probe  
  23  1:53  Probe  
  24  2:00  Stalker  
  24  2:01  Warp Gate, Sentry  
  28  2:11  Pylon  
  27  2:39  Stargate  
  27  2:41  Stalker  
  29  2:44  Stalker  
  31  3:10  Nexus  
  31  3:14  Phoenix  
  31  3:15  Shield Battery  
  31  3:24  Probe  
  34  3:36  Probe  
  34  3:37  Phoenix  
  34  3:38  Pylon  
  37  3:42  Shield Battery  
  37  3:48  Probe  
  37  3:53  Phoenix  
  41  4:02  Probe  
  41  4:05  Cybernetics Core  
  38  4:17  Phoenix  
  38  4:21  Probe  
  41  4:25  Probe  
  41  4:29  Probe  
  42  4:33  Probe  
  42  4:37  Probe  
  44  4:40  Assimilator x2  
  44  4:41  Probe  
  44  4:44  Phoenix  
  47  4:47  Probe  
  49  4:54  Probe  
  49  4:58  Stargate  
  50  5:01  Probe  
  50  5:04  Shield Battery  
  51  5:07  Probe  
  51  5:11  Phoenix  
  51  5:12  Phoenix, Probe  
  55  5:15  Probe  
  55  5:20  Probe  
  56  5:22  Pylon  
  56  5:24  Probe  
  58  5:28  Probe  
  59  5:36  Phoenix, Probe  
  59  5:39  Probe  
  63  5:48  Probe  
  66  5:52  Pylon  
  66  5:56  Probe  
  67  6:00  Robotics Facility  
  67  6:03  Pylon  
  65  6:04  Probe  
  65  6:08  Probe  
  65  6:10  Stalker x2  
  71  6:15  Oracle x2  
  77  6:32  Pylon  
  77  6:39  Probe x2  
  75  6:47  Observer  
  75  6:51  Probe x2  
  77  7:02  Forge  
  77  7:03  Probe  
  77  7:04  Probe  
  77  7:07  Immortal  
  81  7:18  Probe x2  
  83  7:23  Stalker  
  83  7:27  Pylon  
  83  7:28  Pylon  
  85  7:38  Immortal  
  85  7:39  Shield Battery  
  85  7:40  Shield Battery  
  85  7:47  Stalker  
  91  7:53  Stalker  
  87  8:08  Immortal  
  87  8:12  Stalker  
  88  8:30  Twilight Council  
  88  8:32  Stalker  
  90  8:36  Gateway x2  
  90  8:40  Sentry  
  90  8:41  Gateway  
  92  8:42  Gateway  
  92  8:47  Pylon  
  92  8:50  Pylon  
  92  8:55  Pylon  
Tags
 
Add a new tag
Caveats
  • Supply blocks, unpowered buildings, or Contaminate may cause inaccurate times.
  • Supply counts are checked every 10 seconds.